 Dungeon Crawl Stone Soup version 0.30.1 (webtiles) character file.

Game seed: 16782551907809358795

399 Destapler the Shooter (level 6, -5/53 HPs)
             Began as a Hill Orc Hunter on July 7, 2023.
             Slain by an ogre
             ... wielding a +0 giant club
              (12 damage)
             ... on level 4 of the Dungeon on July 8, 2023.
             The game lasted 00:13:03 (2455 turns).

Destapler the Shooter (Hill Orc Hunter)             Turns: 2455, Time: 00:13:03

Health: -5/53      AC:  7    Str: 14    XL:     6   Next: 84%
Magic:  7/7        EV: 12    Int:  9    God:
Gold:   228        SH:  0    Dex: 16    Spells: 5/5 levels left

rFire   x . .        a - +0 shortbow
rCold   + . .        (shield currently unavailable)
rNeg    . . .        c - +0 leather armour
rPois   .            f - +2 hat
rElec   .            l - +1 cloak
rCorr   .            (no gloves)
SInv    +            (no boots)
Will    .....        (no amulet)
Stlth   ++           g - ring of see invisible
HPRegen 0.28/turn    h - ring of ice
MPRegen 0.10/turn

%: no passive effects
@: brilliant
A: no striking features
a: no special abilities


You were on level 4 of the Dungeon.
You visited 1 branch of the dungeon, and saw 4 of its levels.

You collected 228 gold pieces.

Inventory:

Hand Weapons
 a - a +0 shortbow (weapon)
 b - a +0 antimagic war axe
 r - a +0 battleaxe
Armour
 c - a +0 leather armour (worn)
 f - a +2 hat (worn)
 l - a +1 cloak (worn)
Jewellery
 d - a ring of fire
 g - a ring of see invisible (left hand)
 h - a ring of ice (right hand)
Wands
 o - a wand of charming (6)
Scrolls
 m - a scroll of immolation
 n - a scroll of teleportation
 p - a scroll of enchant armour
Potions
 i - 2 potions of curing
 j - a potion of resistance {unknown}
 k - 2 potions of lignification {unknown}
 q - a potion of might {unknown}
 s - a potion of cancellation {unknown}
 t - a potion of invisibility {unknown}


   Skills:
 + Level 4.5 Fighting
 + Level 2.0 Axes
 + Level 4.5 Ranged Weapons
 + Level 3.3 Armour
 + Level 2.2 Dodging
 + Level 1.5 Stealth
 - Level 2.0 Invocations
 + Level 1.0 Evocations


You had 5 spell levels left.
You didn't know any spells.
Your spell library contained the following spells:

 Spells                   Type           Power      Damage    Failure   Level
 Hailstorm                Conj/Ice       0%         3d3       83%         3
 Volatile Blastmotes      Fire/Tloc      0%         2d10      83%         3
 Animate Armour           Summ/Erth      0%         N/A       99%         4
 Fulminant Prism          Conj/Hex       0%         3d5       99%         4
 Ice Form                 Ice/Tmut       0%         N/A       99%         4
 Iskenderun's Mystic Bla  Conj/Tloc      0%         2d3       99%         4
 Blade Hands              Tmut           0%         N/A       100%        5
 Lee's Rapid Deconstruct  Erth           0%         3d4*      100%        5
 Iron Shot                Conj/Erth      0%         9d1       100%        6
 Simulacrum               Ice/Necr       0%         N/A       100%        6


Dungeon Overview and Level Annotations

Branches:
Dungeon (4/15)
 Temple: D:4-7

Altars:
Trog

Shops:
D:2 :


Message History

Training target 2.0 for Invocations reached!
Your Invocations skill increases to level 2!
Your Evocations skill increases to level 1!
Found a battleaxe.
Found a stone staircase leading up.
You see here a +0 battleaxe.
r - a +0 battleaxe
Found an escape hatch in the ceiling.
A hobgoblin comes into view.
You shoot an arrow. The arrow hits the hobgoblin!
You kill the hobgoblin!
You hear a shout!
An ogre comes into view. It is wielding a +0 giant club.
Your Axes skill increases to level 2!
You shoot an arrow. The arrow hits the ogre.
The ogre is lightly wounded.
You shoot an arrow.
The arrow hits the ogre but does no damage.
The ogre is lightly wounded.
The ogre closely misses you.
You shoot an arrow. The arrow hits the ogre.
The ogre is lightly wounded.
The ogre hits you with a +0 giant club!!
You shoot an arrow. The arrow completely misses the ogre.
The ogre barely misses you.
You shoot an arrow. The arrow barely misses the ogre.
The ogre misses you.
You shoot an arrow. The arrow hits the ogre!
The ogre is heavily wounded.
You shoot an arrow. The arrow hits the ogre.
The ogre is heavily wounded.
The ogre barely misses you.
You shoot an arrow. The arrow barely misses the ogre.
The ogre hits you with a +0 giant club!!
Ouch! That really hurt!
* * * LOW HITPOINT WARNING * * *
Okay, then.
It was a potion of brilliance.
You feel clever all of a sudden. The ogre hits you with a +0 giant club!
You die...

.############# ##
#.....<.# #. .. #
#.......# #.#.## # #
#.......# #..... $.
#####.......# #.... ...
...##.......#
#..<##....
##.##.......###.......
.#.##.........##...##.#
.#.#####.#.##.##@.....#
...# #........#O.####
.#######...........#
.##....>........##.....
.##.####..##..... .####
.##.####......#.##.#
.............##.# #
###.####........# #.#
#..#####.#


You could see an ogre.

Vanquished Creatures
  An ice beast (D:4)
  Crazy Yiuf (D:2)
  Natasha (thrice) (D:2)
  An orc wizard (D:3)
  Robin (D:2)
  4 adders (D:2)
  4 gnolls
  2 worms (D:2)
  2 dart slugs (D:1)
  4 orcs
  9 ball pythons
  6 endoplasms
  A giant cockroach (D:1)
  9 goblins
  8 hobgoblins
  5 jackals
  4 quokkas
  7 bats
  6 frilled lizards
  2 kobolds (D:3)
  7 rats
87 creatures vanquished.

Notes
Turn   | Place    | Note
-------+----------+-------------------------------------------
     0 | D:1      | Destapler the Hill Orc Hunter began the quest for the Orb.
     0 | D:1      | Reached XP level 1. HP: 18/18 MP: 1/1
    70 | D:1      | Reached skill level 1 in Stealth
   137 | D:1      | Reached XP level 2. HP: 21/25 MP: 2/2
   384 | D:1      | Reached XP level 3. HP: 31/31 MP: 3/3
   845 | D:2      | Reached skill level 1 in Armour
   862 | D:2      | Found Qiwuec's Book Shop.
   946 | D:2      | Noticed Natasha
   951 | D:2      | Killed Natasha
   952 | D:2      | Reached XP level 4. HP: 38/40 MP: 4/4
   964 | D:2      | Noticed Natasha
   969 | D:2      | Killed Natasha
   990 | D:2      | Reached XP level 5. HP: 39/46 MP: 5/5
  1052 | D:2      | Found a runed translucent door.
  1053 | D:2      | Noticed Crazy Yiuf
  1061 | D:2      | Killed Crazy Yiuf
  1221 | D:2      | Noticed Robin
  1239 | D:2      | Killed Robin
  1261 | D:2      | Noticed Natasha
  1368 | D:2      | Reached skill level 1 in Axes
  1542 | D:2      | Killed Natasha
  1543 | D:2      | Reached skill level 1 in Invocations
  1543 | D:2      | Reached XP level 6. HP: 44/52 MP: 6/6
  2275 | D:4      | Found a bloodstained altar of Trog.
  2399 | D:4      | Noticed an ice beast
  2413 | D:4      | Killed an ice beast
  2414 | D:4      | Reached skill level 1 in Evocations
  2455 | D:4      | Slain by an ogre

Illustrated notes

Levels and vault maps discovered:
D:1:      dpeg_arrival_chambers_temple_mockup, layout_loops_ring,
          minmay_small_reverse_x
D:2:      layout_rooms, serial_shops, shop, uniq_crazy_yiuf_cottage, uniq_robin,
          uniq_natasha
D:3:      layout_rooms
D:4:      layout_loops_cross, lemuel_doored_altar, trog_antimagical,
          minmay_temple_entry_proselytizer, hangedman_abyss_or_decor_stabs

Skill      XL: |  1  2  3  4  5  6 |
---------------+-------------------+-----
Stealth        | 1 |  1.5
Fighting       | 3 4 |  4.5
Dodging        | 2 |  2.2
Ranged Weapons | 4 |  4.5
Armour         | 2 3 |  3.3
Axes           | 1 2 |  2.0
Invocations    | 1 2 |  2.0
Evocations     | 1 |  1.0

Action                     |  1- 3 |  4- 6 || total
---------------------------+-------+-------++-------
  Melee: Mace              |       |     3 ||     3
   Fire: Shortbow          |    93 |   215 ||   308
    Use: Scroll            |       |     4 ||     4
         Potion            |       |     1 ||     1
 Armour: Leather armour    |    20 |    41 ||    61
  Dodge: Dodged            |    46 |    99 ||   145
